 Dungeon Crawl Stone Soup version 0.18-a0-844-g9229740 (webtiles) character file.

127 JokEr the Poker (level 5, -2/42 HPs)
             Began as a Merfolk Skald on Dec 18, 2015.
             Was an Initiate of the Shining One.
             Slain by Crazy Yiuf
             ... wielding a +4 quarterstaff of chaos
              (6 damage)
             ... on level 3 of the Dungeon.
             The game lasted 00:08:44 (3210 turns).

JokEr the Poker (Merfolk Skald)                     Turns: 3210, Time: 00:08:45

Health: -2/42      AC:  6    Str: 12    XL:     5   Next: 11%
Magic:  6/8        EV: 10    Int: 13    God:    the Shining One [......]
Gold:   155        SH:  0    Dex: 13    Spells: 1 memorised, 7 levels left

rFire  . . .     SeeInvis .     a - +1 spear
rCold  . . .     Gourm    .     n - +0 ring mail
rNeg   . . .     Faith    .     (no shield)
rPois  .         Spirit   .     g - +0 helmet
rElec  .         Dismiss  .     (no cloak)
rCorr  .         Reflect  .     (no gloves)
SustAt .         Harm     .     (no boots)
MR     .....                    (no amulet)
Stlth  +.........               (no ring)
                                (no ring)

@: lethally poisoned (-2 -> -10), infused, slowed, drained, very slow, not
resistant to hostile enchantments, very unstealthy
A: change form in water, swift swim
a: Renounce Religion


You were on level 3 of the Dungeon.
You worshipped the Shining One.
The Shining One was noncommittal.
You were not hungry.

You visited 1 branch of the dungeon, and saw 3 of its levels.

You collected 155 gold pieces.

Inventory:

Hand Weapons
 a - a +1 spear (weapon)
Armour
 g - a +0 helmet (worn)
 n - a +0 ring mail (worn)
Wands
 k - a wand of frost (17)
Scrolls
 h - a scroll of noise {unknown}
 i - 2 scrolls of identify
 m - a scroll of fear {unknown}
 q - a scroll of remove curse
 s - a scroll of recharging
Potions
 b - a potion of lignification {unknown}
 e - 2 potions of curing {unknown}
 j - a potion of heal wounds {unknown}
 l - a potion of resistance {unknown}
 o - a potion of brilliance {unknown}
 p - a potion of invisibility {unknown}
 r - a potion of might {unknown}
Books
 c - a book of Battle

   Spells                             Type                      Level
   a - Infusion                       Charms                       1
   b - Shroud of Golubria             Charms/Translocation         2
   c - Song of Slaying                Charms                       2
   d - Spectral Weapon                Hexes/Charms                 3
   e - Regeneration                   Charms/Necromancy            3
Comestibles
 d - a bread ration
 f - 2 slices of pizza


   Skills:
 + Level 4.1(3.7) Fighting
 + Level 5.7(5.3) Polearms
 - Level 0.6(0.2) Armour
 - Level 1.3(0.9) Dodging
 - Level 2.0(1.5) Spellcasting
 - Level 3.2(2.8) Charms


You had 7 spell levels left.
You knew the following spells:

 Your Spells              Type           Power        Failure   Level  Hunger
a - Infusion              Chrm           #.....       21%         1    ##.....


Dungeon Overview and Level Annotations

Branches:
Dungeon (3/15)

Altars:
Cheibriados
Dithmenos
Gozag
Xom
Zin
The Shining One

Annotations:
D:3 Crazy Yiuf


Message History

You hit Crazy Yiuf.
Crazy Yiuf is heavily wounded.
Crazy Yiuf hits you with a quarterstaff of chaos.
You are poisoned.
You closely miss Crazy Yiuf.
Crazy Yiuf is heavily wounded.
You feel sick.
Crazy Yiuf hits you with a quarterstaff of chaos!
You are electrocuted!
* * * LOW HITPOINT WARNING * * *
Crazy Yiuf hits you with a quarterstaff of chaos.
* * * LOW HITPOINT WARNING * * *
Drink which item? (? for menu, Esc to quit)
Okay, then.
You hit Crazy Yiuf.
Crazy Yiuf is heavily wounded.
* * * LOW HITPOINT WARNING * * *
You feel sick.
Crazy Yiuf hits you with a quarterstaff of chaos.
You die...

......#####.......#......######.#
.....)'...'.......'......'......#
......#####......##......########
####.## #############..# #.##
#..# #..# #### ##.###♣♣ ####
#...#P♣♣ ♣♣#..)#
#......♣♣♣♣.@g..#
##...PP.♣..♣#...# ##.#♣.♣.♣♣♣
#### ###♣♣♣♣♣


You could see Crazy Yiuf.

Vanquished Creatures
  Terence (D:3)
  Robin (D:3)
  3 adders
  2 oozes
  A worm (D:2)
  A giant gecko (D:1)
  An orc (D:3)
  2 giant cockroaches
  17 goblins
  5 hobgoblins
  6 bats
  8 kobolds
  A quokka (D:2)
  4 rats (D:1)
  2 fungi (D:3)
55 creatures vanquished.

Notes
Turn   | Place    | Note
--------------------------------------------------------------
     0 | D:1      | JokEr the Merfolk Skald began the quest for the Orb.
     0 | D:1      | Reached XP level 1. HP: 16/16 MP: 3/3
   102 | D:1      | Reached XP level 2. HP: 2/23 MP: 0/5
   734 | D:1      | Reached skill level 4 in Polearms
  1008 | D:1      | Reached XP level 3. HP: 26/29 MP: 2/6
  1185 | D:2      | Found a glowing golden altar of the Shining One.
  1190 | D:2      | Became a worshipper of the Shining One
  1204 | D:2      | Was placed under penance by the Shining One
  1276 | D:2      | Found a faded altar to an unknown god.
  1716 | D:2      | Found a glowing silver altar of Zin.
  1717 | D:2      | Found an opulent altar of Gozag.
  1739 | D:2      | Found a shadowy altar of Dithmenos.
  1741 | D:2      | Found a shimmering altar of Xom.
  1770 | D:2      | Reached XP level 4. HP: 35/35 MP: 0/7
  2209 | D:3      | Noticed Terence
  2235 | D:3      | Killed Terence
  2235 | D:3      | Reached skill level 5 in Polearms
  2544 | D:3      | Noticed Robin
  2544 | D:3      | Was forgiven by the Shining One
  2570 | D:3      | Killed Robin
  2575 | D:3      | Reached XP level 5. HP: 20/42 MP: 1/8
  2892 | D:3      | Found a snail-covered altar of Cheibriados.
  3204 | D:3      | Noticed Crazy Yiuf
  3210 | D:3      | Slain by Crazy Yiuf

Vault maps used:
D:1:      saegor_arrival_simple_b
D:2:      grunt_temple_overflow_gold_and_silver, overflow_temple_1_default,
          grunt_temple_overflow_open, ecumenical_altar_2
D:3:      overflow_temple_1_default, uniq_crazy_yiuf_cottage, uniq_robin,
          uniq_terence

Action                   |  1- 3 |  4- 6 || total
-------------------------+-------+-------++-------
Melee: Spear             |    93 |   124 ||   217
 Cast: Infusion          |    16 |     8 ||    24
  Use: Scroll            |     6 |       ||     6
  Eat: Chunk             |     3 |     5 ||     8
